 Dungeon Crawl Stone Soup version 0.20.1-1-g8b1a95d (webtiles) character file.

239 Goboxel the Slasher (level 5, -3/47 HPs)
             Began as a Draconian Monk on July 21, 2017.
             Was a Believer of Zin.
             Slain by an ogre
             ... wielding a +0 giant spiked club
              (20 damage)
             ... on level 4 of the Dungeon.
             The game lasted 00:06:51 (3520 turns).

Goboxel the Slasher (Draconian Monk)                Turns: 3520, Time: 00:06:52

Health: -3/47      AC:  5    Str: 13    XL:     5   Next: 79%
Magic:  6/6        EV: 13    Int: 11    God:    Zin [**....]
Gold:   70         SH:  3    Dex: 14    Spells: 4/4 levels left

rFire    + . .     SeeInvis +   a - +0 falchion
rCold    . . .     Gourm    .   (no shield)
rNeg     . . .     Faith    .   (armour unavailable)
rPois    .         Spirit   .   (helmet restricted)
rElec    .         Reflect  +   (no cloak)
rCorr    .         Harm     .   (no gloves)
MR       .....                  (no boots)
Stlth    ++........             o - +3 amulet of reflection
Regen    0.2/turn               j - ring of protection from fire
MPRegen  0.1/turn               d - ring of see invisible

@: no status effects
A: unfitting armour, cold-blooded, AC +5
a: Recite, Vitalisation, Donate Gold, Renounce Religion


You were on level 4 of the Dungeon.
You worshipped Zin.
Zin was pleased with you.
You were not hungry.

You visited 1 branch of the dungeon, and saw 4 of its levels.

You collected 141 gold pieces.
You donated 71 gold pieces to Zin.

Inventory:

Hand Weapons
 a - a +0 falchion (weapon)
 e - a +0 dagger
Armour
 k - a +0 buckler
Jewellery
 d - a ring of see invisible (right hand)
 f - an uncursed ring of flight
 j - a ring of protection from fire (left hand)
 o - a +3 amulet of reflection (around neck)
Wands
 u - a wand of flame (25/48)
Scrolls
 c - 3 scrolls of remove curse
 g - a scroll of magic mapping
Potions
 h - a potion of cancellation {unknown}
 i - 3 potions of magic {unknown}
 m - 2 potions of heal wounds
 p - a potion of degeneration {unknown}
 q - a potion of flight {unknown}
 r - a potion of experience {unknown}
 t - a potion of invisibility {unknown}
Comestibles
 b - 5 bread rations
 n - a fruit
 s - 2 royal jellies


   Skills:
 + Level 4.5 Fighting
 * Level 5.0 Long Blades
 + Level 3.4 Dodging
 - Level 1.9 Stealth
 + Level 1.4 Invocations


You had 4 spell levels left.
You didn't know any spells.

Dungeon Overview and Level Annotations

Branches:
Dungeon (4/15)
 Temple: D:4-7

Altars:
Dithmenos
Elyvilon
Zin

Shops:
D:4 (


Innate Abilities, Weirdness & Mutations

Your plain brown scales are hard. (AC +5)
You cannot fit into any form of body armour.
You are cold-blooded and may be slowed by cold attacks.


Message History

You hit the ogre.
The ogre is moderately wounded.
The ogre misses you.
You hit the ogre.
The ogre is heavily wounded.
The ogre barely misses you.
You riposte.
You hit the ogre but do no damage.
The ogre is heavily wounded.
You fail to use your ability.
You barely miss the ogre.
The ogre is heavily wounded.
The ogre closely misses you.
You riposte.
You hit the ogre. You tail-slap the ogre.
The ogre is severely wounded.
You hit the ogre.
The ogre is almost dead.
The ogre barely misses you.
You barely miss the ogre.
The ogre is severely wounded.
The ogre hits you with a giant spiked club!!
You die...

.........#..# ##..## #..##
.........##..## #...###<.#
..........#(...####...#..##
.........##.....# ##.....#
.........#......## #.....####
........#........####........
.........=........#..........
........>....#.......##..####
..............O@...####..#
......†............# #..#
.............###...# ..#
.............# #...# #.#
.............# #..## ..
.....######..# #..# .....
#..# #..# .... ##..# ..# #
.... ..# ..


You could see an ogre.

Vanquished Creatures
  The ghost of McKennaii the Ruffian, a weakling DrTm (D:3)
  A howler monkey (D:4)
  A hound (D:4)
  Robin (D:4)
  3 adders
  2 oozes
  3 dart slugs
  3 leopard geckos
  2 orcs (D:3)
  3 bats (D:1)
  6 giant cockroaches
  17 goblins
  11 hobgoblins
  2 quokkas
  2 frilled lizards
  4 kobolds
  8 rats
70 creatures vanquished.

Notes
Turn   | Place    | Note
-------+----------+-------------------------------------------
     0 | D:1      | Goboxel the Draconian Monk began the quest for the Orb.
     0 | D:1      | Reached XP level 1. HP: 19/19 MP: 1/1
    65 | D:1      | Reached XP level 2. HP: 25/26 MP: 2/2
   247 | D:1      | Reached XP level 3. HP: 16/33 MP: 3/3
  1216 | D:2      | Reached skill level 4 in Long Blades
  1216 | D:2      | Reached XP level 4. HP: 40/40 MP: 4/4
  1587 | D:3      | Noticed McKennaii's ghost (weakling DrTm)
  1610 | D:3      | Killed McKennaii's ghost
  2244 | D:3      | Reached XP level 5. HP: 47/47 MP: 5/5
  2454 | D:3      | Found a faded altar of an unknown god.
  2454 | D:3      | Found a white marble altar of Elyvilon.
  2459 | D:3      | Found a faded altar of an unknown god.
  2461 | D:3      | Found a glowing silver altar of Zin.
  2463 | D:3      | Found a shadowy altar of Dithmenos.
  2559 | D:3      | Became a worshipper of Zin the Law-Giver
  2559 | D:3      | Reached * piety under Zin
  2559 | D:3      | Reached ** piety under Zin
  2566 | D:3      | Donated 57 gold pieces to Zin
  2770 | D:4      | Found Dud Hoa's Weapon Emporium.
  2788 | D:4      | Noticed Robin
  2802 | D:4      | Reached skill level 1 in Invocations
  2804 | D:4      | Killed Robin
  3274 | D:4      | Reached skill level 5 in Long Blades
  3501 | D:4      | Noticed an ogre
  3520 | D:4      | Slain by an ogre

Skill      XL: |  1  2  3  4  5 |
---------------+----------------+-----
Fighting       | 4 |  4.5
Dodging        | 3 |  3.4
Long Blades    | 4 5 |  5.0
Invocations    | 1 |  1.4
Stealth        | |  1.9

Action                   |  1- 3 |  4- 6 || total
-------------------------+-------+-------++-------
Melee: Falchion          |   101 |   102 ||   203
       Tailslap          |    16 |    14 ||    30
Invok: Donate Gold       |       |     2 ||     2
  Use: Scroll            |     2 |     5 ||     7
       Potion            |       |     1 ||     1
 Stab: Sleeping          |     2 |     1 ||     3
  Eat: Chunk             |     1 |     5 ||     6
       Meat ration       |       |     1 ||     1
Armor: Skin              |    37 |    29 ||    66
Dodge: Dodged            |   103 |    71 ||   174
Block: Other             |     2 |    12 ||    14
       Rpst.: Falchion   |    34 |    23 ||    57
